 Dungeon Crawl Stone Soup version 0.21.0-3-g78d12a8 (webtiles) character file.

10670 inmateoo the Spear-Bearer (level 11, -1/89 HPs)
             Began as a Formicid Fighter on Jan 16, 2018.
             Was an Elder of Elyvilon.
             Killed from afar by an ogre mage (5 damage)
             ... with a bolt of cold
             ... on level 13 of the Dungeon.
             The game lasted 00:12:47 (10437 turns).

inmateoo the Spear-Bearer (Formicid Fighter)       Turns: 10437, Time: 00:12:49

Health: -1/89      AC: 18    Str: 23    XL:     11   Next: 97%
Magic:  0/11       EV: 13    Int:  9    God:    Elyvilon [****..]
Gold:   375        SH: 12    Dex: 15    Spells: 10/10 levels left

rFire    + + .     SeeInvis +   a - +1 trident
rCold    + + .     Gourm    .   c - +0 shield
rNeg     . . .     Faith    .   d - +4 chain mail {rC+}
rPois    +         Spirit   +   (helmet unavailable)
rElec    +         Reflect  .   (no cloak)
rCorr    +         Harm     .   B - +0 pair of gloves (curse)
MR       ++...                  m - +0 pair of boots
Stlth    ..........             v - amulet of guardian spirit
HPRegen  0.24/turn              M - ring of protection from magic
MPRegen  0.12/turn              K - ring of protection from fire

@: agile, resistant, flying (expiring)
A: permanent stasis, dig shafts and tunnels, four strong arms, antennae 3
a: Dig, Shaft Self, Lesser Healing, Heal Other, Purification, Greater Healing,
Divine Protection, Renounce Religion


You were on level 13 of the Dungeon.
You worshipped Elyvilon.
Elyvilon was greatly pleased with you.
You were not hungry.

You visited 2 branches of the dungeon, and saw 13 of its levels.

You collected 640 gold pieces.
You spent 265 gold pieces at shops.

Inventory:

Hand Weapons
 a - a +1 trident (weapon)
 k - a +0 halberd
Armour
 c - a +0 shield (worn)
 d - a +4 chain mail of cold resistance (worn)
 m - a +0 pair of boots (worn)
 B - a cursed +0 pair of gloves (worn)
Jewellery
 e - an uncursed ring of wizardry
 h - a cursed -3 ring of strength
 o - a cursed ring of teleportation {unknown}
 r - an uncursed ring of fire
 v - an amulet of guardian spirit (around neck)
 x - an uncursed ring of resist corrosion
 H - an uncursed amulet of rage {unknown}
 K - a ring of protection from fire (right hand)
 M - a ring of protection from magic (left hand)
Wands
 b - a wand of flame (21)
 i - a wand of acid (5)
 l - a wand of paralysis (25)
 w - a wand of polymorph (27)
 C - a wand of enslavement (5)
 J - a wand of iceblast (23)
Scrolls
 j - 5 scrolls of remove curse
 y - 2 scrolls of identify
 z - 3 scrolls of enchant armour
 D - a scroll of immolation
 E - a scroll of amnesia {unknown}
 F - a scroll of fog
 G - a scroll of enchant weapon
Potions
 g - 2 potions of resistance
 n - a potion of magic
 p - a potion of curing
 u - a potion of brilliance
Comestibles
 f - 31 rations


   Skills:
 + Level 9.5 Fighting
 * Level 11.5 Polearms
 + Level 9.5 Armour
 + Level 10.3 Shields


You had 10 spell levels left.
You didn't know any spells.

Dungeon Overview and Level Annotations

Branches:
Dungeon (11/15)            Temple (1/1) D:4            Lair (0/6) D:10
    Orc (0/2) D:10         Vaults (0/5) D:13

Altars:
Ashenzari
Cheibriados
Dithmenos
Elyvilon
Fedhas
Gozag
Hepliaklqana
Kikubaaqudgha
Makhleb
Nemelex Xobeh
Okawaru
Qazlal
Ru
Sif Muna
Trog
Uskayaw
Vehumet
Wu Jian
Xom
Yredelemnul
Zin
The Shining One

Shops:
D:5 [   D:8 %


Innate Abilities, Weirdness & Mutations

You cannot be hasted, slowed, berserked, paralysed or teleported.
You can dig through walls and to a lower floor.
Your four strong arms can wield two-handed weapons with a shield.
You have a pair of large antennae on your head. (SInv)


Message History

* * * LOW HITPOINT WARNING * * *
You block the two-headed ogre's attack.
You are too injured to fight recklessly!
You hit the two-headed ogre but do no damage.
The two-headed ogre is almost dead.
Unknown command.
You puncture the two-headed ogre!
The two-headed ogre is almost dead.
The two-headed ogre barely misses you.
The two-headed ogre hits you with a giant club.
Elyvilon protects you from harm!
Unknown command.
You puncture the two-headed ogre!
You kill the two-headed ogre!
Unknown command.
Are you sure you want to shaft yourself?
You feel somewhat more hungry. The ogre mage casts a spell at you.
The bolt of cold hits you! You resist.
You die...

.....#.#.>#
#.........######
#.........+.....
#.........# ####
........#
#####....$.#
#........>.#
####O########
#@#.{# ##O#.##
###..# ## ##.#
#. #.# #. #.# #.
#.# #. #.# #.
#.# ##


You could see an ogre mage.

Vanquished Creatures
  The ghost of kegs the Cleaver, a journeyman HOFi of Okawaru (D:11)
  2 two-headed ogres (D:13)
  Psyche (D:8)
  A manticore (D:13)
  2 centaur zombies (D:10)
  Joseph (D:8)
  A gargoyle (D:10)
  A tengu conjurer (D:11)
  A queen bee (D:10)
  A hornet (D:13)
  A yak (D:9)
  3 hogs (D:9)
  A human (D:9)
  2 water moccasins
  Duvessa (D:6)
  5 orc warriors
  3 sky beasts
  An ice beast (D:5)
  2 phantoms
  4 ogres
  5 centaurs
  6 bullfrogs
  Dowan (D:6)
  2 scorpions
  15 killer bees (D:10)
  2 howler monkeys (D:11)
  4 wights (D:6)
  4 crimson imps
  3 hounds
  A bullfrog zombie (D:8)
  7 orc priests
  A quasit (D:9)
  3 centaur skeletons
  A bullfrog skeleton (D:10)
  Ijyb (D:4)
  2 iguanas (D:6)
  5 orc wizards
  7 worker ants
  2 hound zombies
  A howler monkey zombie (D:5)
  A worker ant zombie (D:9)
  4 gnolls
  7 adders
  4 shadow imps
  3 oozes
  2 adder skeletons
  A worm (D:3)
  A dart slug (D:3)
  8 leopard geckos
  20 orcs
  3 giant cockroaches
  5 hobgoblins
  A jackal (D:2)
  7 kobolds
  5 quokkas
  9 bats
  3 frilled lizards
  8 goblins
  A leopard gecko skeleton (D:4)
  5 rats
206 creatures vanquished.

Vanquished Creatures (collateral kills)
  A bullfrog (D:8)
  A gnoll shaman (D:8)
  A gnoll (D:8)
  An adder zombie (D:8)
  A giant cockroach (D:8)
5 creatures vanquished.

Grand Total: 211 creatures vanquished

Notes
Turn   | Place    | Note
-------+----------+-------------------------------------------
     0 | D:1      | inmateoo the Formicid Fighter began the quest for the Orb.
     0 | D:1      | Reached XP level 1. HP: 18/18 MP: 1/1
   347 | D:1      | Reached XP level 2. HP: 24/24 MP: 2/2
   490 | D:1      | Reached XP level 3. HP: 29/29 MP: 3/3
  1084 | D:2      | Reached skill level 3 in Polearms
  1084 | D:2      | Reached XP level 4. HP: 36/37 MP: 4/4
  1443 | D:2      | Reached XP level 5. HP: 40/42 MP: 5/5
  2231 | D:4      | Reached XP level 6. HP: 45/48 MP: 6/6
  2233 | D:4      | Reached skill level 4 in Polearms
  2305 | D:4      | Found a staircase to the Ecumenical Temple.
  2317 | Temple   | Entered the Ecumenical Temple
  2358 | Temple   | Became a worshipper of Elyvilon the Healer
  2490 | D:4      | Noticed Ijyb
  2502 | D:4      | Killed Ijyb
  2810 | D:5      | Entered Level 5 of the Dungeon
  3020 | D:5      | Reached skill level 5 in Shields
  3034 | D:5      | Found an ancient bone altar of Kikubaaqudgha.
  3038 | D:5      | Found Fetuo's Armour Emporium.
  3042 | D:5      | Noticed an ice beast
  3053 | D:5      | Killed an ice beast
  3053 | D:5      | Reached XP level 7. HP: 44/55 MP: 4/7
  3083 | D:5      | Reached * piety under Elyvilon
  3661 | D:6      | Reached skill level 5 in Polearms
  3667 | D:6      | Reached skill level 5 in Fighting
  3667 | D:6      | Reached skill level 5 in Armour
  3697 | D:6      | Reached XP level 8. HP: 12/62 MP: 4/8
  4008 | D:6      | Reached skill level 6 in Polearms
  4301 | D:5      | Bought a +3 chain mail of cold resistance for 265 gold pieces
  4796 | D:6      | Noticed Duvessa
  4799 | D:6      | Noticed Dowan
  4843 | D:6      | Killed Duvessa
  4843 | D:6      | Reached XP level 9. HP: 45/69 MP: 9/9
  4852 | D:6      | Killed Dowan
  4852 | D:6      | Reached skill level 7 in Polearms
  6012 | D:7      | Reached ** piety under Elyvilon
  6565 | D:8      | Reached skill level 8 in Polearms
  6599 | D:8      | Found a hide-covered altar of Uskayaw.
  6608 | D:8      | Noticed Joseph
  6657 | D:8      | Killed Joseph
  6771 | D:8      | Found Tapinofi's Food Boutique.
  6799 | D:8      | Noticed Psyche
  6811 | D:8      | Reached XP level 10. HP: 79/79 MP: 10/10
  6839 | D:8      | Killed Psyche
  7011 | D:8      | Reached skill level 9 in Polearms
  7370 | D:8      | Found a stormy altar of Qazlal.
  7374 | D:8      | Found a shattered altar of Ashenzari.
  7375 | D:8      | Found a basalt altar of Yredelemnul.
  7377 | D:8      | Found a radiant altar of Vehumet.
  7378 | D:8      | Found a blossoming altar of Fedhas.
  7874 | D:9      | Reached *** piety under Elyvilon
  8418 | D:10     | Entered Level 10 of the Dungeon
  8528 | D:10     | Reached skill level 10 in Polearms
  8841 | D:10     | Reached XP level 11. HP: 83/87 MP: 9/11
  9558 | D:10     | Found a staircase to the Lair.
  9669 | D:10     | Reached **** piety under Elyvilon
  9762 | D:10     | Found a staircase to the Orcish Mines.
  9817 | D:11     | Noticed a skeletal warrior
  9817 | D:11     | Noticed kegs's ghost (journeyman HOFi)
  9818 | D:11     | Noticed a skeletal warrior
  9920 | D:11     | Killed kegs's ghost
  9920 | D:11     | Reached skill level 11 in Polearms
  9943 | D:11     | Reached skill level 10 in Shields
  9944 | D:11     | Noticed a skeletal warrior
  9944 | D:11     | Noticed a skeletal warrior
  9944 | D:11     | Noticed a skeletal warrior
  9948 | D:11     | You fall through a shaft for 2 floors!
 10346 | D:13     | Noticed a manticore
 10355 | D:13     | Killed a manticore
 10390 | D:13     | Found a gate to the Vaults.
 10390 | D:13     | Noticed a two-headed ogre
 10391 | D:13     | Noticed a two-headed ogre
 10391 | D:13     | Noticed an ogre mage
 10421 | D:13     | Killed a two-headed ogre
 10433 | D:13     | HP: 4/89 [two-headed ogre/giant club (13)]
 10435 | D:13     | Elyvilon protects you from harm!
 10436 | D:13     | Killed a two-headed ogre
 10437 | D:13     | Killed from afar by an ogre mage

Skill      XL: |  1  2  3  4  5  6  7  8  9 10 11 |
---------------+----------------------------------+-----
Shields        | 4 5 6 7 9 10 | 10.3
Polearms       | 3 4 5 6 8 10 11 | 11.5
Armour         | 4 5 6 7 8 9 |  9.5
Fighting       | 4 5 6 7 8 9 |  9.5

Action                   |  1- 3 |  4- 6 |  7- 9 | 10-12 || total
-------------------------+-------+-------+-------+-------++-------
Melee: Trident           |    93 |   163 |   380 |   644 ||  1280
 Abil: Dig               |       |     1 |     1 |     7 ||     9
       Shaft Self        |       |       |       |     2 ||     2
Evoke: Wand              |       |       |     8 |     4 ||    12
  Use: Scroll            |       |     9 |     5 |     6 ||    20
       Potion            |       |       |     2 |    14 ||    16
 Stab: Paralysed         |       |       |     9 |     5 ||    14
       Invisible         |       |       |       |     8 ||     8
  Eat: Chunk             |     1 |     6 |    13 |     7 ||    27
       Ration            |       |       |       |     2 ||     2
Armor: Scale mail        |    32 |    46 |    17 |       ||    95
       Chain mail        |       |       |    92 |   192 ||   284
       Skin              |       |       |       |     8 ||     8
Dodge: Dodged            |    11 |    30 |    70 |   108 ||   219
Block: Shield            |    34 |    73 |   136 |   285 ||   528
